 Dungeon Crawl Stone Soup version 0.24.0-10-g970556be89 (webtiles) character file.

Game seed: 14506365170334393356, levelgen mode: deterministic

100 Flydiii the Chopper (level 4, -1/41 HPs)
             Began as a Hill Orc Monk on Nov 3, 2019.
             Killed from afar by an orc wizard (6 damage)
             ... with a puff of flame
             ... on level 2 of the Dungeon.
             The game lasted 00:06:42 (2437 turns).

Flydiii the Chopper (Hill Orc Monk)                 Turns: 2437, Time: 00:06:43

Health: -1/41      AC:  5    Str: 14    XL:     4   Next: 73%
Magic:  4/4        EV: 13    Int: 10    God:
Gold:   65         SH:  0    Dex: 16    Spells: 3/3 levels left

rFire    . . .     SeeInvis .   a - +0 hand axe
rCold    . . .     Gourm    .   (no shield)
rNeg     . . .     Faith    .   k - +0 leather armour
rPois    .         Spirit   .   i - +0 helmet (curse)
rElec    .         Reflect  .   j - +0 cloak
rCorr    .         Harm     .   (no gloves)
MR       .....                  (no boots)
Stlth    ++........             (no amulet)
HPRegen  0.13/turn              h - +3 ring of dexterity
MPRegen  0.09/turn              (no ring)

@: no status effects
A: no striking features
a: no special abilities


You were on level 2 of the Dungeon.
You were not hungry.

You visited 1 branch of the dungeon, and saw 3 of its levels.

You collected 65 gold pieces.

Inventory:

Hand Weapons
 a - a +0 hand axe (weapon)
Armour
 b - a +0 robe
 i - a cursed +0 helmet (worn)
 j - a +0 cloak (worn)
 k - a +0 leather armour (worn)
 p - a +0 helmet
Jewellery
 h - a +3 ring of dexterity (left hand)
Scrolls
 e - a scroll of enchant armour {unknown}
 f - a scroll of enchant weapon {unknown}
 g - 2 scrolls of teleportation {unknown}
 l - a scroll of identify {unknown}
 m - a scroll of amnesia {unknown}
 o - a scroll of fog {unknown}
 q - a scroll of remove curse {unknown}
Potions
 d - a potion of heal wounds {unknown}
 n - a potion of brilliance {unknown}
 r - a potion of curing {unknown}
 s - a potion of mutation {unknown}
Comestibles
 c - 4 rations


   Skills:
 + Level 4.3 Fighting
 + Level 5.3 Axes
 + Level 1.0 Armour
 + Level 3.1 Dodging
 + Level 1.7 Stealth


You had 3 spell levels left.
You didn't know any spells.
Your spell library was empty.

Dungeon Overview and Level Annotations

Branches:
Dungeon (3/15)

Altars:


Message History

Something hits you but does no damage.
You closely miss something. Something hits you but does no damage.
You hit something. Something hits you but does no damage.
You hit something but do no damage. Something hits you but does no damage.
You barely miss something. Something hits you.
* * * LOW HITPOINT WARNING * * *
You barely miss something.
Something hits you but does no damage. x2
You closely miss something.
You hear some strange, mumbled words.
A magic dart appears from out of thin air!
The magic dart hits you.
* * * LOW HITPOINT WARNING * * *
You hit something. Something hits you.
* * * LOW HITPOINT WARNING * * *
Something hits you but does no damage.
You hit something.
You hear some strange, mumbled words.
A puff of flame appears from out of thin air!
The puff of flame hits you.
You die...

##################
#@{...............
#)######.....#####
#.#### #.###.#
#....###.###.#
#.##......(..#####
#.##..............
##.###.....#####.##
#......#.....# #.#.
#....###.#.#.# #.##


There were no monsters in sight!

Vanquished Creatures
  4 adders (D:2)
  An ooze (D:2)
  A dart slug (D:2)
  3 worms (D:2)
  3 leopard geckos
  An orc (D:3)
  4 giant cockroaches
  3 goblins
  3 hobgoblins
  2 jackals (D:2)
  2 kobolds (D:1)
  5 bats
  3 frilled lizards (D:2)
  13 rats
48 creatures vanquished.

Notes
Turn   | Place    | Note
-------+----------+-------------------------------------------
     0 | D:1      | Flydiii the Hill Orc Monk began the quest for the Orb.
     0 | D:1      | Reached XP level 1. HP: 19/19 MP: 1/1
    30 | D:1      | Reached XP level 2. HP: 14/27 MP: 2/2
   907 | D:2      | Reached XP level 3. HP: 28/33 MP: 3/3
  1605 | D:2      | Reached skill level 5 in Axes
  1605 | D:2      | Reached XP level 4. HP: 16/41 MP: 4/4
  2413 | D:3      | Reached skill level 1 in Armour
  2437 | D:2      | Killed from afar by an orc wizard

Levels and vault maps discovered:
D:1:      erik_arrival_orb_chamber, layout_rooms
D:2:      layout_basic, grunt_decor_cap
D:3:      layout_loops_cross, first_ration, nicolae_dithmenos_shadow_blocks

Skill      XL: |  1  2  3  4 |
---------------+-------------+-----
Fighting       | 4 |  4.3
Axes           | 5 |  5.3
Dodging        | 3 |  3.1
Armour         | 1 |  1.0
Stealth        | |  1.7

Action                   |  1- 3 |  4- 6 || total
-------------------------+-------+-------++-------
Melee: Hand axe          |   158 |    70 ||   228
  Eat: Chunk             |     2 |     3 ||     5
Armor: Robe              |    29 |       ||    29
       Leather armour    |    45 |    31 ||    76
Dodge: Dodged            |   169 |    32 ||   201
